 Dungeon Crawl Stone Soup version 0.30-a0-694-g3340775977 (webtiles) character file.

Game seed: 496395466714834352

522 Dartaoz the Skirmisher (level 7, -5/34 HPs)
             Began as a Spriggan Hunter on Jan 20, 2023.
             Shot with an arrow by a centaur (13 damage)
             ... on level 5 of the Dungeon.
             The game lasted 00:07:15 (4390 turns).

Dartaoz the Skirmisher (Spriggan Hunter)            Turns: 4390, Time: 00:07:15

Health: -5/34      AC:  2    Str:  7    XL:     7   Next: 2%
Magic:  8/8        EV: 18    Int: 10    God:
Gold:   250        SH:  0    Dex: 21    Spells: 6/6 levels left

rFire   . . .      SeeInvis +    a - +0 shortbow
rCold   + . .      Faith    .    (shield currently unavailable)
rNeg    . . .      Spirit   .    c - +0 robe
rPois   .          Reflect  .    (helmet restricted)
rElec   .          Harm     .    (no cloak)
rCorr   .          Rampage  .    (gloves unavailable)
Will    +....                    (boots unavailable)
Stlth   ++                       (no amulet)
HPRegen 0.25/turn                t - ring of flight
MPRegen 0.11/turn                e - ring of protection from cold

@: flying, very quick
A: very small, no large weapons, unfitting armour, see invisible, speed 3
a: no special abilities


You were on level 5 of the Dungeon.
You visited 1 branch of the dungeon, and saw 5 of its levels.

You collected 250 gold pieces.

Inventory:

Hand Weapons
 a - a +0 shortbow (weapon)
 y - a +0 arbalest
Armour
 c - a +0 robe (worn)
Jewellery
 e - a ring of protection from cold (right hand)
 t - a ring of flight (left hand)
 v - an amulet of guardian spirit
Wands
 x - a wand of flame (29)
Scrolls
 b - 3 scrolls of immolation
 d - 2 scrolls of fear {unknown}
 f - 3 scrolls of poison
 h - 2 scrolls of magic mapping {unknown}
 j - a scroll of amnesia {unknown}
 k - 2 scrolls of teleportation {unknown}
 l - a scroll of noise {unknown}
 r - 2 scrolls of identify {unknown}
 u - a scroll of brand weapon {unknown}
 B - a scroll of enchant armour {unknown}
Potions
 g - a potion of cancellation {unknown}
 i - a potion of curing {unknown}
 m - a potion of might {unknown}
 n - 2 potions of heal wounds {unknown}
 o - a potion of resistance
 p - a potion of brilliance {unknown}
 q - a potion of magic {unknown}
 s - 2 potions of flight {unknown}
 w - a potion of invisibility {unknown}
 z - a potion of degeneration {unknown}
 A - 2 potions of lignification {unknown}


   Skills:
 - Level 1.7 Fighting
 + Level 8.3 Ranged Weapons
 - Level 3.0 Dodging
 - Level 2.1 Stealth


You had 6 spell levels left.
You didn't know any spells.
Your spell library contained the following spells:

 Spells                   Type           Power      Damage    Failure   Level
 Iskenderun's Battlesphe  Conj           0%         2d6       100%        5
 Iron Shot                Conj/Erth      0%         9d1       100%        6
 Spellforged Servitor     Conj/Summ      0%         N/A       100%        7


Dungeon Overview and Level Annotations

Branches:
Dungeon (5/15)
 Temple: D:4-7

Altars:


Innate Abilities, Weirdness & Mutations

You are very small and have problems with some larger weapons.
You are too small for most types of armour.
You have supernaturally acute eyesight. (SInv)
You cover ground extremely quickly. (Speed+++)


Message History

You shoot an arrow. The arrow barely misses the orc.
You shoot an arrow. The arrow completely misses the orc.
The orc closely misses you.
You shoot an arrow.
The arrow hits the orc but does no damage.
The orc hits you with a +0 club.
You shoot an arrow. The arrow hits the orc!
You kill the orc!
No target in view!
Things that are here:
a +0 club; a +0 ring mail; an orc corpse You reach down and open the door.
There is an open door here.
You now have 250 gold pieces (gained 13).
You reach down and open the door.
There is an open door here.
You reach down and open the door.
There is an open door here.
There is a stone staircase leading up here.
You reach down and open the door.
A centaur comes into view.
There is an open door here.
You shoot an arrow. The arrow hits the centaur!
The centaur is heavily wounded.
The centaur wields a +0 shortbow.
The centaur shoots an arrow.
The arrow hits you!
You shoot an arrow.
The arrow hits the centaur but does no damage.
The centaur is heavily wounded.
The centaur shoots an arrow.
The arrow closely misses you.
The centaur shoots an arrow.
The arrow misses you.
You shoot an arrow. The arrow barely misses the centaur.
The centaur shoots an arrow.
The arrow hits you!
You are too injured to fight recklessly!
You are too injured to fight recklessly!
The centaur shoots an arrow.
The arrow hits you!
* * * LOW HITPOINT WARNING * * *
The centaur shoots an arrow.
The arrow closely misses you.
The centaur shoots an arrow.
The arrow hits you!
You die...

.# #..#####.##.# .#
#........##.. .#
##'########### .#
##...## .# ##.....##
## .###.......## ##.##
#
.##.........####...#.#
..'........<'........#
###.........###.@.c..#
##.......## #.#.####
##...<.## #.###
##...## #.# ##+## #.#
#.# #.# #######.## #.#
.........## #.
#####>....#


You could see a centaur.

Vanquished Creatures
  An ogre (D:5)
  2 scorpions (D:5)
  An orc priest (D:4)
  A hound (D:5)
  An iguana (D:5)
  An orc wizard (D:4)
  Natasha (D:4)
  4 gnolls
  4 adders
  A white imp (D:5)
  An ufetubus (D:5)
  4 worms (D:3)
  A dart slug (D:5)
  11 orcs
  5 bats
  6 endoplasms
  5 giant cockroaches
  2 goblins (D:1)
  10 hobgoblins
  2 kobolds
  4 quokkas
  6 ball pythons
  A frilled lizard (D:2)
  4 rats
79 creatures vanquished.

Vanquished Creatures (others)
  2 plants (D:1)
2 creatures vanquished.

Grand Total: 81 creatures vanquished

Notes
Turn   | Place    | Note
-------+----------+-------------------------------------------
     0 | D:1      | Dartaoz the Spriggan Hunter began the quest for the Orb.
     0 | D:1      | Reached XP level 1. HP: 10/10 MP: 2/2
   115 | D:1      | Reached XP level 2. HP: 7/15 MP: 3/3
   361 | D:1      | Found a faded altar of an unknown god.
   376 | D:1      | Found a faded altar of an unknown god.
   691 | D:1      | Reached XP level 3. HP: 18/18 MP: 4/4
  1390 | D:2      | Reached skill level 5 in Ranged Weapons
  1755 | D:3      | Reached XP level 4. HP: 23/23 MP: 5/5
  2744 | D:4      | Reached skill level 6 in Ranged Weapons
  2872 | D:4      | Reached XP level 5. HP: 26/26 MP: 6/6
  2996 | D:4      | Noticed Natasha
  3003 | D:4      | Killed Natasha
  3651 | D:5      | Entered Level 5 of the Dungeon
  3684 | D:5      | Noticed an ogre
  3708 | D:5      | Killed an ogre
  3709 | D:5      | Reached skill level 7 in Ranged Weapons
  3709 | D:5      | Reached XP level 6. HP: 30/30 MP: 7/7
  4152 | D:5      | Reached skill level 8 in Ranged Weapons
  4201 | D:5      | Reached XP level 7. HP: 23/34 MP: 8/8
  4390 | D:5      | Shot with an arrow by a centaur

Illustrated notes

Levels and vault maps discovered:
D:1:      minmay_arrival_open_corners, layout_basic, serial_bayou,
          serial_bayou_lagoon_a, serial_bayou_shore_b, serial_bayou_pond_e,
          serial_bayou_ford_a, hellmonk_ecumenical_altar_the_god_not_taken
D:2:      layout_loops_ring
D:3:      layout_loops_corners
D:4:      cheibrodos_old_hovel, layout_basic, nicolae_nh_ransacked_shop,
          uniq_natasha
D:5:      layout_loops_corners

Skill      XL: |  1  2  3  4  5  6 |
---------------+-------------------+-----
Stealth        | 2 |  2.1
Dodging        | 3 |  3.0
Ranged Weapons | 5 6 7 8 |  8.3
Fighting       | |  1.7

Action                   |  1- 3 |  4- 6 |  7- 9 || total
-------------------------+-------+-------+-------++-------
 Fire: Shortbow          |   101 |   137 |     9 ||   247
  Use: Scroll            |       |     1 |       ||     1
Armor: Robe              |     1 |     3 |       ||     4
Dodge: Dodged            |    20 |    37 |     4 ||    61

Table legend: (Time is in decaauts)
 A = Elapsed time spent in this place.
 B = Non-inter-level travel time spent in this place.
 C = Inter-level travel time spent in this place.
 D = Time resting spent in this place.
 E = Time spent auto-exploring this place.
 F = Levels seen in this place.
 G = Mean time per level.
                   A        B        C        D        E       F      G
               +--------+--------+--------+--------+--------+-----+--------+
         Total |   2984 |   2901 |     83 |    100 |   2343 |   5 |  596.8 |
       Dungeon |   2984 |   2901 |     83 |    100 |   2343 |   5 |  596.8 |
               +--------+--------+--------+--------+--------+-----+--------+

Top non-repeatable levels by time:
     D:4: 799 daAuts
     D:3: 657 daAuts
     D:1: 619 daAuts
     D:5: 507 daAuts
     D:2: 400 daAuts
